cohdb
Replays
Latest Replays
All Replays
Popular Replays
Top Player Replays
Match Explorer
How It Works
Community
CoH3 Stats
Reddit
Sign in to upload your games and track your stats! →
Sign in with Steam
Match 44674858
Unlisted
Match 44674858
Overview
Messages
Build Orders
End
Kettenkrad Recon Vehicle
Construct Infanterie Kompanie
Selects Luftwaffe Battlegroup
Selects Luftwaffe Pioneer Support
MG 42 Machine Gun Team
Fallschirmpioneer Squad Paradrop
MG 42 Bunker
Grenadier Squad
Fallschirmpioneer Squad Paradrop
Selects Stuka Strafing Run
Construct Luftwaffe Kompanie
Medical Bunker
Stuka Strafing Run
Selects Flak 38 Anti-Air Emplacement
Support Elements
Stuka Strafing Run
Wirbelwind Flakpanzer
Stuka Strafing Run
Selects Flak 36 Anti-tank Gun Emplacement
Construct Panzergrenadier Kompanie
Stuka Strafing Run
Citruswoody
Panzerkampfwagen VI
Bombardilo Crocodilo
돼지국밥
Serial Chiller
Vodka199009
RokimaruX
BT1jd
0
0
Comments
sign in to comment!
No comments posted yet!